Map: Dusk Towers

Players

Sem - Winner!

  • Race: Terran Terran
  • League: Gold

Rumi

  • Race: Terran Terran
  • League: Silver

VOD

Have the link to the VOD?

Description

Time

  • Played on: Jan. 2, 2016, 7:46 a.m.
  • Length: 5:04
Show
View Real Time Build Order
Export as new Build Order

Sem Terran - Winner!

Build Orders:  

Get SALT Encoding   

  12  0:01  SCV  
  13  0:13  SCV  
  14  0:24  Supply Depot  
  14  0:25  SCV  
  15  0:47  Refinery  
  15  0:50  SCV, Barracks  
  16  1:02  SCV  
  17  1:08  Refinery  
  17  1:14  SCV  
  18  1:36  Orbital Command  
  18  1:38  Marine  
  19  1:41  Supply Depot  
  19  1:46  Factory  
  19  2:10  Barracks Reactor  
  19  2:16  Barracks  
  19  2:20  SCV  
  20  2:30  Factory Tech Lab  
  20  2:32  SCV  
  20  2:33  Starport  
  21  2:47  SCV  
  21  2:49  Marine x2  
  24  2:57  Siege Tank  
  27  3:04  Barracks Tech Lab  
  27  3:12  Medivac  
  29  3:15  Marine x2  
  29  3:18  Supply Depot  
  31  3:40  Marauder  
  33  3:44  Supply Depot  
  33  3:47  Siege Tank  
  36  3:49  Marine x2  
  38  4:01  Marine  
  39  4:20  Command Center  
  39  4:22  Medivac  
  39  4:23  Marine x2  
  43  4:33  Marauder  
  45  4:40  Supply Depot  
Show
View Real Time Build Order
Export as new Build Order

Rumi Terran 

Build Orders:  

Get SALT Encoding   

  12  0:01  SCV  
  13  0:13  SCV  
  14  0:23  Supply Depot  
  14  0:26  SCV  
  15  0:45  SCV  
  16  0:50  Barracks  
  16  0:57  SCV  
  17  1:09  SCV  
  18  1:21  SCV  
  19  1:33  SCV  
  19  1:36  Supply Depot  
  20  1:46  Marine  
  21  1:47  Orbital Command  
  21  2:02  Refinery  
  21  2:04  Marine  
  22  2:32  SCV  
  22  2:36  Marine  
  24  2:44  SCV  
  25  2:57  Barracks  
  25  3:00  Supply Depot, Refinery  
  25  3:06  SCV, Barracks  
  25  3:10  Command Center  
  26  3:18  SCV  
  27  3:21  Barracks Reactor  
  27  3:25  Supply Depot  
  27  3:30  SCV  
  28  3:34  Factory  
  28  3:44  SCV  
  29  3:48  Barracks Tech Lab  
  29  3:56  SCV  
  29  4:01  Supply Depot  
  29  4:02  Marine x2  
  31  4:04  Barracks Reactor  
  31  4:08  SCV  
  31  4:09  Marine  
  34  4:20  Marine  
  35  4:27  Marauder  
  37  4:34  Marine  
  37  4:37  SCV  
  37  4:38  Marine  
  40  4:49  SCV  
Tags
 
Matchup
TvT
Race
Terran
Add a new tag
Caveats
  • Supply blocks, unpowered buildings, or Contaminate may cause inaccurate times.
  • Supply counts are checked every 10 seconds.